 Dungeon Crawl Stone Soup version 0.26.0-10-g1f06aea511 (webtiles) character file.

Game seed: 8494237626826104938

322 Arum the Shield-Bearer (level 6, -14/49 HPs)
             Began as a Formicid Fighter on Jan 16, 2021.
             Blown up by Ijyb (26 damage)
             ... with a disintegration bolt
             ... on level 3 of the Dungeon.
             The game lasted 00:06:22 (3461 turns).

Arum the Shield-Bearer (Formicid Fighter)           Turns: 3461, Time: 00:06:22

Health: -14/49     AC: 11    Str: 23    XL:     6   Next: 76%
Magic:  6/6        EV:  8    Int:  7    God:
Gold:   244        SH: 10    Dex: 10    Spells: 5/5 levels left

rFire    . . .     SeeInvis +   a - +0 quarterstaff
rCold    . . .     Faith    .   c - +0 kite shield
rNeg     . . .     Spirit   .   b - +0 scale mail
rPois    .         Reflect  .   (helmet unavailable)
rElec    .         Harm     .   r - +0 cloak
rCorr    .         Rampage  .   (no gloves)
Will     .....                  s - +2 pair of boots
Stlth    ..........             o - amulet of magic regeneration
HPRegen  0.16/turn              m - ring of teleportation (curse)
MPRegen  0.35/turn              (no ring)

@: no status effects
A: permanent stasis, dig shafts and tunnels, four strong arms, antennae 3
a: Dig, Shaft Self


You were on level 3 of the Dungeon.
You visited 1 branch of the dungeon, and saw 3 of its levels.
You also visited: Sewer.

You collected 244 gold pieces.

Inventory:

Hand Weapons
 a - a +0 quarterstaff (weapon)
Armour
 b - a +0 scale mail (worn)
 c - a +0 kite shield (worn)
 r - a +0 cloak (worn)
 s - a +2 pair of boots (worn)
Jewellery
 m - a cursed ring of teleportation (left hand)
 o - an amulet of magic regeneration (around neck)
Scrolls
 e - 8 scrolls of teleportation {unknown}
 f - 4 scrolls of fog {unknown}
 j - 4 scrolls of identify {unknown}
 n - a scroll of noise {unknown}
 p - a scroll of enchant weapon {unknown}
 q - a scroll of magic mapping {unknown}
 u - 2 scrolls of remove curse {unknown}
Potions
 d - 2 potions of might
 g - a potion of mutation {unknown}
 h - 2 potions of flight {unknown}
 i - 5 potions of curing {unknown}
 k - 2 potions of attraction {unknown}
 l - 5 potions of heal wounds {unknown}
 t - 2 potions of brilliance {unknown}


   Skills:
 + Level 4.7 Fighting
 + Level 3.6 Staves
 + Level 4.7 Armour
 + Level 5.3 Shields


You had 5 spell levels left.
You didn't know any spells.
Your spell library was empty.

Dungeon Overview and Level Annotations

Branches:
Dungeon (3/15)              Sewer (visited)

Altars:
Kikubaaqudgha

Annotations:
D:3 Ijyb


Innate Abilities, Weirdness & Mutations

You cannot be hasted, slowed, berserked, paralysed or teleported.
You can dig through walls and to a lower floor.
Your four strong arms can wield two-handed weapons with a shield.
You have a pair of large antennae on your head. (SInv)


Message History

You hit Ijyb but do no damage.
Ijyb is heavily wounded.
Ijyb barely misses you.
You hit Ijyb.
Ijyb is heavily wounded.
Ijyb completely misses you. Ijyb hits you but does no damage.
You hit Ijyb.
Ijyb is severely wounded.
Ijyb hits you.
* * * LOW HITPOINT WARNING * * *
You barely miss Ijyb.
Ijyb is severely wounded.
Ijyb screams, "Level is mine!
All mine!"
Ijyb hits you but does no damage.
Unknown command.
You barely miss Ijyb.
Ijyb is severely wounded.
Ijyb zaps a wand.
You are blasted!
Ouch! That really hurt!
You die...

##.##.#.....#.### ##.####.#####
#...#+##......... .............
..[...)##...#.### ##.####.#####
#...####....#.# #..........≈
##.)#.#.....#.########.##≈≈≈≈≈##.
.#.#........#.##.......##≈≈≈≈≈##.
##.##.......#.##.......≈≈.....≈≈.
.###..........##.g.....≈≈.....≈≈.
..#..#..........@# ...≈≈........
....##>..........+ ...≈≈.....≈≈.
###..............# ...≈≈.....≈≈.
####...........# ...##≈≈.≈≈##.
#.#.........# ...##≈≈.≈≈##≈
#.#.........# ##...........
#.########### #.#.##.####g
######.# #.........#. .......#
#.........+.


You could see Ijyb.

Vanquished Creatures
  A big kobold (Sewer)
  4 gnolls (D:3)
  4 adders (D:2)
  A white imp (D:2)
  2 oozes (Sewer)
  4 worms
  3 dart slugs
  3 leopard geckos
  17 orcs (D:3)
  3 ball pythons
  16 bats
  8 giant cockroaches
  7 goblins
  12 hobgoblins
  4 jackals (D:1)
  A quokka (D:3)
  8 frilled lizards
  A jackal skeleton (D:2)
  22 kobolds
  13 rats
134 creatures vanquished.

Notes
Turn   | Place    | Note
-------+----------+-------------------------------------------
     0 | D:1      | Arum the Formicid Fighter began the quest for the Orb.
     0 | D:1      | Reached XP level 1. HP: 18/18 MP: 1/1
   191 | D:1      | Reached XP level 2. HP: 22/24 MP: 2/2
   481 | D:1      | Reached skill level 4 in Shields
   482 | D:1      | Reached XP level 3. HP: 26/29 MP: 3/3
   807 | D:1      | You fall into a shaft and drop 1 floor!
   818 | D:2      | Reached XP level 4. HP: 26/37 MP: 4/4
   979 | D:2      | Found an ancient bone altar of Kikubaaqudgha.
  1306 | D:2      | Reached XP level 5. HP: 35/42 MP: 5/5
  2227 | D:3      | Found a glowing drain.
  2236 | Sewer    | Entered a sewer
  2680 | Sewer    | Noticed a big kobold
  2690 | Sewer    | Killed a big kobold
  2691 | Sewer    | Reached skill level 5 in Shields
  2691 | Sewer    | Reached XP level 6. HP: 43/49 MP: 6/6
  3449 | D:3      | Noticed Ijyb
  3461 | D:3      | Blown up by Ijyb

Illustrated notes

Levels and vault maps discovered:
D:1:      saegor_arrival_simple_a, layout_basic, chequers_serial_rivers_micro_e
D:2:      minmay_alternating_diamond, layout_loops_ring, lemuel_doored_altar
D:3:      minmay_chambers_of_twos, layout_basic, cheibrodos_sewer_entry_sluice,
          minmay_fractal_squares_gapless_5, uniq_ijyb, uniq_terence

Skill      XL: |  1  2  3  4  5 |
---------------+----------------+-----
Shields        | 4 5 |  5.3
Fighting       | 4 |  4.7
Armour         | 4 |  4.7
Staves         | 3 |  3.6

Action                   |  1- 3 |  4- 6 || total
-------------------------+-------+-------++-------
Melee: Quarterstaff      |    98 |   302 ||   400
 Abil: Dig               |       |     6 ||     6
Armor: Scale mail        |    48 |   150 ||   198
Dodge: Dodged            |    49 |    89 ||   138
Block: Kite shield       |    59 |   151 ||   210
